AoeStats
← Huggieg

MegaRandom

508253991Analyzed
4v4 RM · 12d ago on Sep 21, 2026· 41m 46s· 8 players
Game mode
Random Map
Map size
Large (8 player)
Population
200
Speed
Normal
Resources
Standard
Victory
Conquest
Starting age
Dark Age
Ending age
Imperial Age
RankedLock teamsTeams togetherTeam positionsShared explorationLock speedFull tech treeHidden civsTurbo modeCheats
Victory
Defeat
🇩🇪 Persians · Germany
1555
+14
🇬🇧 Tupi · United Kingdom
1550
+14
🇩🇪 Khitans · Germany
1508
+16
🇪🇸 Maya · Spain
1493
+17
🇯🇵 Cumans · Japan
1570
-17
🇻🇳 Malians · Vietnam
1522
-16
🇳🇿 Portuguese · New Zealand
1483
-14
1475
-14
This is Kawaii
7:06 Loom
9:42 Feudal Age
10:57 Double-Bit Axe
12:18 Horse Collar
19:23 Castle Age
20:45 Wheelbarrow
34:16 Imperial Age
34:26 Squires
34:58 Forging
JayJayNico
9:38 Loom
11:42 Feudal Age
15:00 Double-Bit Axe
14:58 Horse Collar
21:53 Castle Age
27:44 Scale Barding Armor
29:58 Fletching
32:47 Ballistics
32:41 Bloodlines
37:45 Bow Saw
39:36 Wheelbarrow
38:47 Town Watch
40:44 Hand Cart
40:51 Heavy Plow
へそからカスタネット
6:21 Loom
9:43 Feudal Age
12:37 Scale Barding Armor
21:37 Double-Bit Axe
24:27 Wheelbarrow
26:35 Castle Age
24:22 Horse Collar
25:57 Forging
26:00 Bloodlines
32:04 Fletching
Papillon
5:03 Loom
9:56 Feudal Age
10:28 Double-Bit Axe
13:51 Fletching
18:29 Wheelbarrow
23:49 Castle Age
22:16 Stone Mining
23:14 Padded Archer Armor
23:19 Gold Mining
23:30 Horse Collar
24:58 Crossbowman
26:49 Bodkin Arrow
33:09 Town Watch
35:54 Bow Saw
36:32 Ballistics
39:54 Imperial Age
41:27 Leather Archer Armor
HaRo23
6:28 Loom
9:11 Feudal Age
9:44 Double-Bit Axe
11:00 Horse Collar
19:53 Castle Age
19:17 Bloodlines
22:13 Scale Barding Armor
25:26 Forging
28:47 Husbandry
30:27 Chain Barding Armor
32:35 Wheelbarrow
33:53 Hand Cart
33:26 Town Watch
35:12 Iron Casting
42:20 Imperial Age
Huggieg
7:43 Loom
10:00 Feudal Age
11:05 Double-Bit Axe
19:09 Fletching
20:11 Padded Archer Armor
29:44 Castle Age
30:00 Crossbowman
30:36 Bodkin Arrow
31:39 Leather Archer Armor
31:51 Medium Warships
35:32 Ballistics
37:51 Town Watch
38:43 Wheelbarrow
41:55 Horse Collar
42:26 Bow Saw
Baron von Kissalot
4:09 Loom
10:07 Feudal Age
11:21 Double-Bit Axe
12:17 Forging
18:48 Wheelbarrow
22:09 Castle Age
20:55 Scale Barding Armor
22:53 Husbandry
23:15 Light Cavalry
24:49 Iron Casting
25:25 Domestication
28:34 Chain Barding Armor
31:02 Bow Saw
30:58 Pastoralism
30:50 Gold Mining
34:35 Hand Cart
36:15 Town Watch
39:14 Imperial Age
37:23 Fletching
37:56 Stone Mining
40:30 Plate Barding Armor
39:24 Elite Steppe Lancer
41:16 Chemistry
Sauron_ator
2:39 Loom
10:18 Feudal Age
10:53 Double-Bit Axe
15:26 Fletching
15:49 Horse Collar
17:07 Padded Archer Armor
21:43 Wheelbarrow
25:10 Castle Age
23:46 Gold Mining
25:13 Crossbowman
25:53 Bodkin Arrow
26:23 Bow Saw
26:23 Heavy Plow
27:43 Ballistics
28:00 Leather Archer Armor
28:48 Hand Cart
36:06 Imperial Age
34:55 Stone Mining
36:09 Arbalester
36:51 Bracer
37:55 Chemistry
38:13 Ring Archer Armor
38:21 Eagle Warrior
39:02 Squires
39:03 Scale Mail Armor
39:26 Elite Eagle Warrior
41:12 Chain Mail Armor
41:08 Forging
42:00 Thumb Ring
41:54 Arson
42:16 Hul'che Javelineers
Connection lost

Rejoining the realm…

Still unreachable

The connection could not be restored.

Session expired

The server has moved on; the page needs a fresh start.